 Dungeon Crawl Stone Soup version 0.29-a0-234-g0dae59b3db (webtiles) character file.

Game seed: 13012224758489405284

767 siradein the Scholar of Death (level 7, 0/52 HPs)
             Began as a Ghoul Necromancer on Mar 3, 2022.
             Was a Follower of Kikubaaqudgha.
             Slain by an orc wizard
             ... wielding a +0 dagger
              (3 damage)
             ... on level 5 of the Dungeon.
             The game lasted 00:15:50 (6831 turns).

siradein the Scholar of Death (Ghoul Necromancer)   Turns: 6831, Time: 00:15:50

Health: 0/52       AC:  7    Str: 11 (12) XL:     7   Next: 82%
Magic:  17/17      EV: 10    Int: 12      God:    Kikubaaqudgha [*.....]
Gold:   168        SH:  0    Dex: 13 (15) Spells: 4/9 levels left

rFire   . . .      SeeInvis .   p - +0 dire flail (drain)
rCold   + . .      Faith    .   (shield currently unavailable)
rNeg    + + +      Spirit   .   k - +0 ring mail
rPois   ∞          Reflect  .   (no helmet)
rElec   .          Harm     .   (no cloak)
rCorr   .          Rampage  .   a - +0 pair of gloves
Will    .....                   l - +0 pair of boots
Stlth   +.........              (no amulet)
HPRegen 0.00/turn               s - ring of magical power
MPRegen 0.15/turn               q - +6 ring of dexterity

@: inhibited regen
A: claws 1, cold resistance 1, negative energy resistance 3, inhibited
regeneration, torment resistance 2
a: Renounce Religion, Receive Corpses


You were on level 5 of the Dungeon.
You worshipped Kikubaaqudgha.
Kikubaaqudgha was aware of your devotion.
You visited 1 branch of the dungeon, and saw 5 of its levels.

You collected 168 gold pieces.

Inventory:

Hand Weapons
 e - a +0 dagger of venom
 n - a +0 flail
 p - a +0 dire flail of draining (weapon)
 u - a +1 hand crossbow of freezing
Armour
 a - a +0 pair of gloves (worn)
 k - a +0 ring mail (worn)
 l - a +0 pair of boots (worn)
Jewellery
 q - a +6 ring of dexterity (right hand)
 s - a ring of magical power (left hand)
Scrolls
 c - a scroll of enchant armour
 d - a scroll of magic mapping
 h - a scroll of enchant weapon
 i - a scroll of vulnerability {unknown}
 j - a scroll of fear {unknown}
Potions
 b - 2 potions of haste
 f - 2 potions of flight
 g - a potion of cancellation
 m - a potion of invisibility
 r - a potion of heal wounds


   Skills:
 + Level 1.1 Fighting
 + Level 4.7 Maces & Flails
 + Level 2.1 Dodging
 - Level 2.1 Stealth
 - Level 1.7 Spellcasting
 + Level 7.4 Necromancy


You had 4 spell levels left.
You knew the following spells:

 Your Spells              Type           Power      Damage    Failure   Level
a - Pain                  Necr           72%        1d7       3%          1
b - Animate Skeleton      Necr           36%        N/A       3%          1
c - Vampiric Draining     Necr           18%        2d7       10%         3

Your spell library contained the following spells:

 Spells                   Type           Power      Damage    Failure   Level
 Corpse Rot               Necr/Air       18%        N/A       22%         2
 Animate Dead             Necr           9%         N/A       32%         4
 Magic Dart               Conj           4%         1d3       56%         1
 Call Imp                 Summ           1%         N/A       71%         2
 Mephitic Cloud           Conj/Pois/Air  1%         N/A       90%         3
 Agony                    Necr           18%        N/A       65%         5


Dungeon Overview and Level Annotations

Branches:
Dungeon (5/15)             Temple (0/1) D:5

Altars:
Cheibriados
Kikubaaqudgha
Nemelex Xobeh
Qazlal
Sif Muna
The Shining One

Shops:
D:3 (   D:4 (

Annotations:
D:4 3 runed translucent doors, Esekla's ghost, amateur FoIE


Innate Abilities, Weirdness & Mutations

You thrive by killing the living.
You are immune to poison.
You have sharp fingernails.
Your flesh is cold resistant. (rC+)
You are immune to negative energy. (rN+++)
You do not regenerate when monsters are visible.
You are immune to unholy pain and torment.


Message History

A puff of flame appears from out of thin air!
The puff of flame hits you! The orc hits you with a +0 flail.
* * * LOW HITPOINT WARNING * * *
Something hits you but does no damage.
You swap places.
You hear some strange, mumbled words.
Something tries to affect you, but you resist.
The orc hits your adder skeleton with a +0 flail!
Your adder skeleton is destroyed!
You hear some strange, mumbled words.
A magic dart appears from out of thin air!
The magic dart hits you.
* * * LOW HITPOINT WARNING * * *
You hear some strange, mumbled words.
Something tries to affect you, but you resist.
You see here an adder corpse.
You hear some strange, mumbled words.
You hear some strange, mumbled words.
A puff of flame appears from out of thin air!
The puff of flame hits you.
* * * LOW HITPOINT WARNING * * *
Found a stone staircase leading up.
Something hits you but does no damage.
You hit something. Kikubaaqudgha accepts your kill.
You feel better.
Reactivating autopickup.
You feel a bit more experienced.
Your Fighting skill increases to level 1!
You barely miss the orc. The orc closely misses you.
You closely miss the orc. The orc hits you but does no damage.
You barely miss the orc. The orc hits you with a +0 flail.
* * * LOW HITPOINT WARNING * * *
Deactivating autopickup; reactivate with Ctrl-A.
You barely miss something. You barely miss something. Something hits you.
* * * LOW HITPOINT WARNING * * *
You hit something. Something hits you.
You die...
Kikubaaqudgha rasps: "You have failed me!
Welcome... oblivion!"

...##...###.[....##.
#..##.....#.#######.
#...........# ##
.######...###..####
.......)..# #..#
####.##.#†###.## ..
...#o....# #
#.#..#{#.### #
#..#@#.# #..#.#.#
#..#....#
#.....#..<..
......#### ......##
#.###### #. #


You could see an orc.

Vanquished Creatures
  Sigmund (D:4)
  Edmund (D:4)
  2 scorpions (D:5)
  A necrophage (D:4)
  2 iguanas
  3 orc wizards
  7 adders
  2 worms
  2 dart slugs
  8 orcs
  12 ball pythons
  4 endoplasms
  7 giant cockroaches
  8 goblins
  13 hobgoblins
  4 jackals (D:3)
  6 kobolds
  2 quokkas
  9 bats
  5 frilled lizards
  4 rats
103 creatures vanquished.

Vanquished Creatures (collateral kills)
  An orc (D:3)
1 creature vanquished.

Vanquished Creatures (others)
  A fungus (D:3)
  7 plants
8 creatures vanquished.

Grand Total: 112 creatures vanquished

Notes
Turn   | Place    | Note
-------+----------+-------------------------------------------
     0 | D:1      | siradein the Ghoul Necromancer began the quest for the Orb.
     0 | D:1      | Reached XP level 1. HP: 14/14 MP: 2/2
   440 | D:1      | Reached XP level 2. HP: 11/20 MP: 1/3
   850 | D:1      | Learned a level 1 spell: Animate Skeleton
  1361 | D:1      | Reached XP level 3. HP: 16/26 MP: 0/4
  1638 | D:1      | Reached skill level 5 in Necromancy
  2244 | D:2      | Reached skill level 1 in Maces & Flails
  2347 | D:2      | Reached XP level 4. HP: 21/33 MP: 5/5
  3126 | D:3      | Found an ancient bone altar of Kikubaaqudgha.
  3132 | D:3      | Became a worshipper of Kikubaaqudgha
  3361 | D:3      | Reached XP level 5. HP: 38/38 MP: 6/6
  3394 | D:3      | Learned a level 3 spell: Vampiric Draining
  3429 | D:3      | Found a faded altar of an unknown god.
  3750 | D:3      | Found Woeweetz's Weapon Boutique.
  4794 | D:3      | Reached * piety under Kikubaaqudgha
  4794 | D:3      | Received a gift from Kikubaaqudgha
  4883 | D:3      | Reached skill level 6 in Necromancy
  5018 | D:4      | Found a sparkling altar of Nemelex Xobeh.
  5022 | D:4      | Found a snail-covered altar of Cheibriados.
  5096 | D:4      | Noticed Sigmund
  5115 | D:4      | Killed Sigmund
  5116 | D:4      | Reached XP level 6. HP: 11/45 MP: 7/7
  5358 | D:4      | Noticed Edmund
  5376 | D:4      | Killed Edmund
  5377 | D:4      | Reached XP level 7. HP: 23/50 MP: 8/8
  5645 | D:4      | Found a stormy altar of Qazlal.
  5658 | D:4      | Found Kateci's Weapon Shoppe.
  6030 | D:4      | Reached skill level 7 in Necromancy
  6309 | D:4      | Found a runed translucent gate.
  6309 | D:4      | Found a runed translucent gate.
  6309 | D:4      | Found a runed translucent gate.
  6310 | D:4      | Noticed Esekla's ghost (amateur FoIE)
  6438 | D:5      | Entered Level 5 of the Dungeon
  6438 | D:5      | Found a shimmering blue altar of Sif Muna.
  6606 | D:5      | Found a staircase to the Ecumenical Temple.
  6826 | D:5      | Reached skill level 1 in Fighting
  6831 | D:5      | Slain by an orc wizard

Illustrated notes

Levels and vault maps discovered:
D:1:      dpeg_arrival_rooms_c, layout_loops_ring, minivault_19,
          minmay_misc_feat_iff, serial_bayou_ford_a,
          nicolae_figureground_sparkle
D:2:      layout_basic, basic_altar, kennysheep_generic_room_15
D:3:      layout_loops_ring, nicolae_kikubaaqudgha_miasma_corner,
          portal_sewer_entry_e, dreamdust_ecumenical_altar_grove, serial_shops,
          nicolae_shop_hallway_stairs, st_stairs_12
D:4:      layout_basic, kennysheep_slug_shrine,
          nemelex_xobeh_ov_fountains_minmay, mainiacjoe_overflow_alcove_4,
          gammafunk_ghost_nasty_kobolds, serial_shops, nicolae_shop_trees,
          grunt_ministairs_11, sigmund_edmund_badplayer
D:5:      nicolae_cairo_tiling, layout_loops_ring, mainiacjoe_overflow_chevrons,
          minmay_temple_entry_purple_smoke, serial_shops, shop,
          minmay_chambers_of_fives

Skill      XL: |  1  2  3  4  5  6  7 |
---------------+----------------------+-----
Necromancy     | 5 6 7 |  7.4
Maces & Flails | 1 2 3 4 |  4.7
Dodging        | 2 |  2.1
Fighting       | 1 |  1.1
Stealth        | |  2.1
Spellcasting   | |  1.7

Action                   |  1- 3 |  4- 6 |  7- 9 || total
-------------------------+-------+-------+-------++-------
Melee: Unarmed           |    31 |       |       ||    31
       Whip              |    59 |       |       ||    59
       Dagger            |    26 |   162 |       ||   188
       Punch             |     1 |       |       ||     1
       Quarterstaff      |       |    32 |       ||    32
       Flail             |       |    22 |       ||    22
       Dire flail        |       |       |    89 ||    89
 Cast: Pain              |    35 |       |       ||    35
       Animate Skeleton  |     3 |     6 |     4 ||    13
  Use: Scroll            |     4 |     5 |       ||     9
       Potion            |       |       |     2 ||     2
 Stab: Sleeping          |     2 |       |     1 ||     3
Armor: Robe              |    27 |       |       ||    27
       Ring mail         |    18 |    93 |    41 ||   152
       Chain mail        |       |       |    14 ||    14
Dodge: Dodged            |    97 |   115 |    48 ||   260

Table legend: (Time is in decaauts)
 A = Elapsed time spent in this place.
 B = Non-inter-level travel time spent in this place.
 C = Inter-level travel time spent in this place.
 D = Time resting spent in this place.
 E = Time spent auto-exploring this place.
 F = Levels seen in this place.
 G = Mean time per level.
                   A        B        C        D        E       F      G
               +--------+--------+--------+--------+--------+-----+--------+
         Total |   6863 |   6689 |    174 |    933 |   4338 |   5 | 1372.6 |
       Dungeon |   6863 |   6689 |    174 |    933 |   4338 |   5 | 1372.6 |
               +--------+--------+--------+--------+--------+-----+--------+

Top non-repeatable levels by time:
     D:1: 1949 daAuts
     D:3: 1687 daAuts
     D:4: 1468 daAuts
     D:2: 1361 daAuts
     D:5: 396 daAuts
